Map: [ESL] Stargazers

Players

HeroMarine - Winner!

  • Race: Terran Terran
  • Spawn Location: 11:00

Astrea

  • Race: Protoss Protoss
  • Spawn Location: 1:00

Event: TSL 9

VOD

Have the link to the VOD?

Description

Time

  • Played on: Aug. 21, 2022, 8:32 a.m.
  • Length: 8:49

All games in this series

Show
View Real Time Build Order
Export as new Build Order

HeroMarine Terran - Winner!

Build Orders:  

Get SALT Encoding   

  12  0:00  SCV  
  13  0:12  SCV  
  14  0:17  Supply Depot  
  14  0:24  SCV  
  15  0:39  SCV  
  15  0:40  Barracks  
  16  0:43  Refinery  
  16  0:51  SCV  
  16  0:52  Refinery  
  17  1:03  SCV  
  18  1:15  SCV  
  19  1:27  Reaper, Orbital Command  
  19  1:28  Supply Depot  
  20  1:42  Factory  
  20  1:53  SCV  
  21  1:59  Reaper  
  22  2:05  SCV  
  23  2:15  Command Center  
  23  2:17  SCV  
  24  2:29  Hellion, SCV  
  27  2:32  Barracks Reactor  
  27  2:38  Supply Depot  
  27  2:41  SCV  
  28  2:45  Starport  
  28  2:53  SCV, Widow Mine  
  31  3:05  SCV  
  31  3:08  Marine  
  31  3:09  Marine  
  34  3:14  Widow Mine  
  34  3:18  SCV  
  37  3:23  Medivac  
  37  3:26  Marine x2  
  39  3:29  Orbital Command  
  39  3:30  SCV  
  40  3:36  Widow Mine  
  40  3:40  Orbital Command  
  42  3:42  SCV  
  42  3:44  Marine x2  
  45  3:48  Supply Depot  
  45  3:54  SCV  
  46  3:58  Factory Tech Lab  
  46  3:59  Starport Tech Lab  
  46  4:06  SCV x2  
  46  4:07  Marine x2  
  50  4:11  Supply Depot  
  53  4:17  Siege Tank  
  53  4:18  SCV x2  
  53  4:19  Raven  
  57  4:29  Barracks, Marine  
  57  4:30  SCV x2  
  60  4:32  Marine  
  61  4:42  SCV x2  
  63  4:49  Siege Tank  
  63  4:53  Barracks, Marine x2  
  63  4:54  SCV x2  
  63  4:59  Supply Depot  
  67  5:01  Supply Depot  
  67  5:06  SCV x2  
  65  5:07  Refinery  
  65  5:11  Marine x2  
  67  5:16  Supply Depot  
  67  5:18  SCV  
  67  5:19  SCV  
  70  5:21  Siege Tank  
  70  5:26  Engineering Bay  
  70  5:27  Refinery  
  70  5:28  Stimpack, Marine  
  70  5:29  Marine  
  70  5:30  SCV, Marine  
  70  5:35  Supply Depot, SCV  
  75  5:42  SCV  
  75  5:44  Supply Depot  
  75  5:46  Marine  
  75  5:47  SCV, Marine  
  75  5:48  Marine  
  79  5:54  Starport Reactor  
  79  5:55  SCV  
  79  5:57  Terran Infantry Weapons Level 1  
  80  6:00  Supply Depot, Factory Tech Lab, Combat Shield  
  80  6:01  Marine  
  81  6:06  Marine x2  
  83  6:11  Marine  
  83  6:14  Supply Depot  
  84  6:18  Marine  
  84  6:20  Siege Tank  
  84  6:24  Marine x2  
  90  6:25  Supply Depot  
  90  6:29  Marine  
  91  6:35  Medivac  
  91  6:36  Medivac, Marine  
  96  6:45  Marine x2  
  98  6:48  Marauder  
  100  6:55  Marauder  
  100  6:56  Siege Tank  
  100  6:59  Supply Depot  
  100  7:00  Supply Depot  
  105  7:03  Marine x2  
  105  7:05  Viking x2  
  113  7:09  Marauder  
  115  7:16  Marauder  
  115  7:18  Concussive Shells  
  115  7:19  Supply Depot  
  115  7:20  Marine  
  115  7:21  Marine  
  112  7:28  Siege Tank  
  115  7:30  Marauder  
  119  7:37  Marauder  
  121  7:46  Viking x2  
  121  7:50  Marine  
  121  7:51  Marine  
  125  7:52  SCV x2, Marauder  
  128  7:59  Marauder  
  128  8:04  SCV  
  129  8:08  Marine x2  
  131  8:13  Marauder  
  131  8:16  Viking x2  
  131  8:19  SCV  
  139  8:20  SCV, Marauder  
  139  8:26  Marine x2  
Show
View Real Time Build Order
Export as new Build Order

Astrea Protoss 

Build Orders: 1 Gate Expand, Blink Stalkers, Colossus Rush 

Get SALT Encoding   

  12  0:00  Probe  
  13  0:12  Probe  
  14  0:16  Pylon  
  14  0:24  Probe (Chrono Boost)  
  16  0:36  Gateway  
  16  0:37  Probe (Chrono Boost)  
  16  0:42  Probe (Chrono Boost)  
  16  0:44  Assimilator  
  17  0:51  Probe  
  18  1:03  Probe  
  19  1:15  Probe  
  20  1:21  Nexus  
  20  1:30  Cybernetics Core  
  20  1:33  Probe  
  20  1:38  Assimilator  
  21  1:46  Probe  
  22  1:49  Pylon  
  22  1:58  Probe  
  23  2:04  Adept (Chrono Boost)  
  23  2:07  Warp Gate  
  25  2:10  Probe  
  26  2:22  Twilight Council, Probe  
  27  2:26  Stalker  
  29  2:36  Probe (Chrono Boost)  
  31  2:40  Shield Battery  
  31  2:41  Probe (Chrono Boost)  
  31  2:47  Probe (Chrono Boost)  
  31  2:51  Probe (Chrono Boost)  
  33  2:52  Probe (Chrono Boost)  
  33  2:58  Stalker  
  36  3:00  Probe  
  36  3:01  Blink (Chrono Boost)  
  37  3:07  Probe  
  38  3:13  Probe  
  38  3:14  Pylon  
  38  3:19  Probe  
  38  3:25  Probe  
  39  3:31  Probe  
  39  3:33  Robotics Facility  
  40  3:37  Probe  
  41  3:43  Probe, Gateway  
  42  3:49  Probe  
  43  3:55  Probe, Stalker  
  43  3:56  Pylon  
  43  3:57  Assimilator  
  43  4:00  Assimilator  
  43  4:01  Probe  
  47  4:08  Probe  
  48  4:13  Probe  
  49  4:19  Stalker  
  49  4:20  Probe  
  49  4:21  Shield Battery, Observer  
  53  4:26  Probe  
  53  4:30  Pylon  
  54  4:32  Robotics Bay  
  54  4:38  Probe  
  52  4:46  Probe  
  52  4:50  Probe, Stalker x2  
  56  4:58  Probe  
  57  5:03  Probe  
  59  5:18  Colossus (Chrono Boost), Pylon  
  59  5:21  Nexus  
  64  5:24  Forge  
  64  5:29  Sentry x2  
  64  5:33  Probe x2  
  64  5:35  Pylon  
  70  5:39  Charge  
  70  5:40  Pylon  
  70  5:45  Probe  
  70  5:49  Probe  
  72  5:51  Protoss Ground Weapons Level 1 (Chrono Boost), Extended Thermal Lance  
  72  5:57  Probe  
  72  6:01  Probe  
  74  6:06  Gateway  
  74  6:07  Colossus (Chrono Boost)  
  74  6:09  Probe  
  81  6:16  Probe  
  82  6:21  Forge  
  82  6:22  Probe  
  83  6:27  Stalker x2  
  87  6:33  Probe  
  87  6:36  Probe  
  87  6:38  Gateway  
  89  6:42  Gateway, Probe  
  89  6:45  Probe  
  89  6:51  Pylon  
  89  6:53  Probe  
  89  6:54  Probe  
  89  6:57  Colossus (Chrono Boost), Probe  
  96  7:03  Sentry  
  96  7:07  Observer, Probe  
  99  7:09  Gateway  
  99  7:10  Gateway  
  99  7:18  Stalker x2  
  103  7:26  Pylon  
  103  7:32  Stalker  
  103  7:33  Pylon  
  103  7:35  Pylon  
  105  7:40  Zealot x2, Observer  
  105  7:43  Zealot x2  
  113  7:53  Pylon  
  113  7:54  Pylon  
  113  7:56  Zealot  
  121  8:06  Disruptor (Chrono Boost), Zealot x6  
  130  8:15  Pylon  
  130  8:16  Pylon  
  130  8:18  Zealot  
  126  8:28  Zealot x5  
  114  8:38  Zealot x2  
Tags
 
Add a new tag
Caveats
  • Supply blocks, unpowered buildings, or Contaminate may cause inaccurate times.
  • Supply counts are checked every 10 seconds.